 Dungeon Crawl Stone Soup version 0.30.0-29-ga12c61a403 (webtiles) character file.

Game seed: 11999721058173498515

58 ChiefBigBeans the Ducker (level 3, -2/28 HPs)
             Began as a Demonspawn Gladiator on June 21, 2023.
             Slain by a +4 spectral club (5 damage)
             ... created by Robin
             ... on level 2 of the Dungeon.
             The game lasted 00:03:03 (876 turns).

ChiefBigBeans the Ducker (Demonspawn Gladiator)      Turns: 876, Time: 00:03:04

Health: -2/28      AC:  7    Str: 16    XL:     3   Next: 76%
Magic:  3/3        EV: 12    Int:  9    God:
Gold:   65         SH:  0    Dex: 14    Spells: 2/2 levels left

rFire   . . .        a - +0 trident
rCold   . . .        (no shield)
rNeg    . . .        b - +0 leather armour
rPois   .            c - +0 helmet
rElec   .            (no cloak)
rCorr   .            (no gloves)
SInv    .            (no boots)
Will    .....        (no amulet)
Stlth   +            (no ring)
HPRegen 0.24/turn    (no ring)
MPRegen 0.08/turn

%: no passive effects
@: mighty
A: icy blue scales 2
a: no special abilities


You were on level 2 of the Dungeon.
You visited 1 branch of the dungeon, and saw 2 of its levels.

You collected 65 gold pieces.

Inventory:

Hand Weapons
 a - a +0 trident (weapon)
Missiles
 d - 3 throwing nets (quivered)
 e - a javelin
Armour
 b - a +0 leather armour (worn)
 c - a +0 helmet (worn)
Jewellery
 h - a +4 ring of slaying
Scrolls
 k - a scroll of identify
Potions
 f - a potion of magic


   Skills:
 + Level 2.8 Fighting
 - Level 2.7 Polearms
 - Level 1.8 Throwing
 + Level 1.5 Armour
 + Level 3.3 Dodging


You had 2 spell levels left.
You didn't know any spells.
Your spell library contained the following spells:

 Spells                   Type           Power      Damage    Failure   Level
 Blink                    Tloc           0%         N/A       58%         2
 Lesser Beckoning         Tloc           0%         N/A       58%         2
 Momentum Strike          Conj/Tloc      0%         3d8       58%         2


Dungeon Overview and Level Annotations

Branches:
Dungeon (2/15)

Altars:

Annotations:
D:2 Robin


Innate Abilities, Weirdness & Mutations

You are mostly covered in icy blue scales. (AC +3)


Message History

The goblin attacks as you move away! The goblin hits you but does no damage.
Okay, then.
Okay, then.
You feel mightier all of a sudden.
The hobgoblin no longer looks unusually strong.
You barely miss the goblin. The goblin hits you but does no damage.
The goblin closely misses you.
You puncture the goblin!
You kill the goblin!
You closely miss the goblin. The goblin closely misses you.
The hobgoblin barely misses you.
You impale the goblin!!
You kill the goblin!
The giant cockroach seems to regain its courage.
The hobgoblin hits you but does no damage. x2
You puncture the hobgoblin!
You kill the hobgoblin!
The hobgoblin no longer looks unusually strong.
Robin says, "A pitiful Demonspawn like you will never find the ORB!"
You barely miss the goblin. The goblin hits you with a +0 club.
* * * LOW HITPOINT WARNING * * *
Robin roars a battlecry!
The goblins go into a battle-frenzy!
You puncture the goblin!
You kill the goblin!
You puncture the hobgoblin!
You kill the hobgoblin!
You closely miss Robin. Robin throws the goblin at you!
You hit Robin.
Robin is moderately wounded.
Robin throws the goblin at you! The goblin barely misses you.
The goblin misses you. The goblin hits you but does no damage.
Robin hits you but does no damage. The +4 spectral club hits you.
* * * LOW HITPOINT WARNING * * *
A +4 spectral club comes into view.
The goblin shouts!
You puncture Robin!
Robin is severely wounded.
The +4 spectral club hits you.
You die...

...............g.......##.......<
.........g.g.ggB...............##
†.........####g####.......###.#..
......g...#**#.####.....).....#..
....#.......##.#...........##.#..
..#.#.......##g#.......#<...#....
..#.........##.)B................
..............##g######..........
..............*#@(...............
..............*#gg####........#.#
....,.........*#..............#.#
,,,,,,,,.#####*#.......#.....<#.#
,,,*,,,,,,,****#.......######.#.#
,,,*,,,,,*,,,,..................#
,,,*,,,,,*,,,,.....#...##......##
,,,*,,,,,*,,,,.....#...##......##
,,,*,,,,,,,,,,##..,#...##........


You could see a +4 spectral club, Robin, a giant cockroach and 3 goblins.

Vanquished Creatures
  An adder (D:2)
  A dart slug (D:1)
  3 bats (D:1)
  6 endoplasms
  2 giant cockroaches (D:1)
  7 goblins (D:2)
  3 hobgoblins (D:2)
  3 jackals (D:1)
  2 kobolds
  2 quokkas
  3 ball pythons (D:1)
  2 frilled lizards (D:1)
  7 rats
42 creatures vanquished.

Notes
Turn   | Place    | Note
-------+----------+-------------------------------------------
     0 | D:1      | ChiefBigBeans the Demonspawn Gladiator began the quest for
                  | the Orb.
     0 | D:1      | Reached XP level 1. HP: 16/16 MP: 1/1
    60 | D:1      | Gained mutation: You are partially covered in icy blue
                  | scales. (AC +2) [demonic ancestry]
    60 | D:1      | Reached XP level 2. HP: 18/22 MP: 2/2
   225 | D:1      | Reached skill level 3 in Dodging
   255 | D:1      | Reached skill level 1 in Armour
   480 | D:1      | Gained mutation: You are mostly covered in icy blue scales.
                  | (AC +3) [demonic ancestry]
   480 | D:1      | Reached XP level 3. HP: 27/28 MP: 3/3
   740 | D:2      | Found a faded altar of an unknown god.
   824 | D:2      | Noticed Robin
   876 | D:2      | Slain by a +4 spectral club

Illustrated notes

Levels and vault maps discovered:
D:1:      reono_arrival_forest_river, layout_basic, feat_on_display
D:2:      layout_basic, dreamdust_ecumenical_altar_grove, uniq_robin

Skill      XL: |  1  2 |
---------------+-------+-----
Dodging        | 3 |  3.3
Armour         | 1 |  1.5
Fighting       | |  2.8
Polearms       | |  2.7
Throwing       | |  1.8

Action                     || total
---------------------------++-------
  Melee: Trident           ||   115
         Punch             ||     2
    Use: Scroll            ||     3
         Potion            ||     2
   Stab: Sleeping          ||     1
 Armour: Leather armour    ||    53
  Dodge: Dodged            ||    85
